 Dungeon Crawl Stone Soup version 0.30-a0-279-g4b46babb21 (webtiles) character file.

Game seed: 2281160071787136640

67 themarg the Chopper (level 4, -6/41 HPs)
             Began as a Gnoll Chaos Knight on Oct 16, 2022.
             Was a Plaything of Xom.
             Mangled by an orc
             ... wielding a +0 trident
              (7 damage)
             ... on level 3 of the Dungeon.
             The game lasted 00:03:05 (1455 turns).

themarg the Chopper (Gnoll Chaos Knight)            Turns: 1455, Time: 00:03:06

Health: -6/41      AC:  8    Str: 14    XL:     4   Next: 16%
Magic:  5/5        EV: 10    Int:  9    God:    Xom [..*...]
Gold:   103        SH:  0    Dex: 11    Spells: 5/5 levels left

rFire   + . .      SeeInvis .    a - +0 hand axe (chaos)
rCold   . . .      Faith    .    (no shield)
rNeg    . . .      Spirit   .    p - +0 scale mail
rPois   .          Reflect  .    (no helmet)
rElec   .          Harm     .    l - scarf {repulsion}
rCorr   .          Rampage  .    o - +0 pair of gloves
Will    .....                    (no boots)
Stlth   ..........               n - amulet of the acrobat
HPRegen 0.26/turn                (no ring)
MPRegen 0.09/turn                (no ring)

@: repel missiles, unable to drink
A: fangs 1, strong nose, distributed training, dopey 1, fire resistance 1,
inability to drink after injury 1
a: Renounce Religion


You were on level 3 of the Dungeon.
You worshipped Xom.
You were a toy of Xom.
You visited 1 branch of the dungeon, and saw 3 of its levels.

You collected 103 gold pieces.

Inventory:

Hand Weapons
 a - a +0 hand axe of chaos (weapon)
Missiles
 e - 27 stones
 i - 3 poisoned darts
 q - 4 boomerangs
Armour
 b - a +2 leather armour
 l - a scarf of repulsion (worn)
 o - a +0 pair of gloves (worn)
 p - a +0 scale mail (worn)
Jewellery
 n - an amulet of the acrobat (around neck)
Scrolls
 d - 3 scrolls of identify {unknown}
 f - a scroll of noise {unknown}
 g - 2 scrolls of fog {unknown}
 k - 3 scrolls of teleportation {unknown}
 m - a scroll of enchant weapon {unknown}
Potions
 h - a potion of heal wounds {unknown}
 j - a potion of mutation
Miscellaneous
 c - a piece from Xom's chessboard (15/15) (quivered)


   Skills:
 + Level 6.6 Fighting
 + Level 1.1 Short Blades
 + Level 1.1 Long Blades
 + Level 6.6 Axes
 + Level 1.1 Maces & Flails
 + Level 1.1 Polearms
 + Level 1.1 Staves
 + Level 1.1 Ranged Weapons
 + Level 1.1 Throwing
 + Level 4.6 Armour
 + Level 2.7 Dodging
 + Level 1.1 Stealth
 + Level 1.1 Shields
 + Level 1.1 Unarmed Combat
 + Level 1.1 Spellcasting
 + Level 0.8 Conjurations
 + Level 0.8 Hexes
 + Level 0.8 Summonings
 + Level 0.8 Necromancy
 + Level 0.8 Translocations
 + Level 0.8 Transmutations
 + Level 0.8 Fire Magic
 + Level 0.8 Ice Magic
 + Level 0.8 Air Magic
 + Level 0.8 Earth Magic
 + Level 0.8 Poison Magic
 + Level 1.2 Invocations
 + Level 1.1 Evocations


You had 5 spell levels left.
You didn't know any spells.
Your spell library contained the following spells:

 Spells                   Type           Power      Damage    Failure   Level
 Apportation              Tloc           4%         N/A       71%         1
 Necrotise                Necr           8%         1d4       71%         1
 Summon Small Mammal      Summ           8%         N/A       71%         1
 Vampiric Draining        Necr           2%         2d6       97%         3
 Agony                    Necr           2%         N/A       100%        5


Dungeon Overview and Level Annotations

Branches:
Dungeon (3/15)

Altars:

Shops:
D:3 (


Innate Abilities, Weirdness & Mutations

You have very sharp teeth.
Your uncanny sense of smell can sniff out nearby items.
Your experience applies equally to all skills.
You are dopey. (Int -2)
Your flesh is heat resistant. (rF+)
You occasionally lose the ability to drink potions when taking damage.


Message History

The giant cockroach bites you.
The ball python bites you but does no damage.
The ball python constricts you.
The orc hits you from afar with a +0 trident.
You hit the giant cockroach. You freeze the giant cockroach.
You kill the giant cockroach!
You completely miss the ball python. The ball python bites you.
The ball python constricts you. The orc barely misses you.
You escape the ball python's grasp.
The ball python attacks as you move away!
The ball python bites you but does no damage.
The ball python closely misses you.
You see here a giant cockroach corpse.
The ball python attacks as you move away!
The ball python completely misses you. x2
You hit the ball python.
Lightning courses through the ball python!
You kill the ball python!
You hit the orc. You freeze the orc.
You kill the orc!
You barely miss the endoplasm.
You bite the endoplasm, but do no damage.
The orc hits you from afar with a +0 trident.
The endoplasm freezes you.
You are frozen.
You hit the endoplasm.
The endoplasm is lightly wounded.
The orc hits you from afar with a +0 trident!
* * * LOW HITPOINT WARNING * * *
The endoplasm freezes you.
You are frozen.
* * * LOW HITPOINT WARNING * * *
It was a potion of mutation.
You feel extremely strange.
You feel stupid.
Xom is highly amused!
You occasionally lose the ability to drink potions when taking damage.
You feel resistant to heat.
The orc hits you from afar with a +0 trident!
You feel threatened and lose the ability to drink potions!
You die...

#..∆ #.#
###.### ∆
..... ... #)#
#.# # ##J#.#
##@.o.##
###......#
#......#..#
########
#.#......#.#
.......#.#
#.##........#
.#####.#.#
#.###....#...
.# #.#.# #.#
###.#### .#
#.#.# #.# ...
.# #.#.# #.#
####


You could see an orc and an endoplasm.

Vanquished Creatures
  2 adders (D:2)
  A worm (D:2)
  2 dart slugs
  2 orcs (D:3)
  5 ball pythons
  3 bats (D:1)
  6 endoplasms
  A giant cockroach (D:3)
  4 goblins
  A hobgoblin (D:1)
  A jackal (D:1)
  A quokka (D:1)
  5 frilled lizards
  A kobold (D:2)
  5 rats
40 creatures vanquished.

Notes
Turn   | Place    | Note
-------+----------+-------------------------------------------
     0 | D:1      | themarg the Gnoll Chaos Knight began the quest for the Orb.
     0 | D:1      | Reached XP level 1. HP: 23/23 MP: 1/1
   173 | D:1      | XOM: silly message
   174 | D:1      | Reached XP level 2. HP: 29/29 MP: 2/2
   328 | D:1      | Reached XP level 3. HP: 35/35 MP: 3/3
   394 | D:1      | XOM: divination: detect items
   421 | D:1      | XOM: silly message
   426 | D:1      | XOM: divination: detect items
   459 | D:1      | XOM: cloud trail
   694 | D:2      | Found a faded altar of an unknown god.
   797 | D:2      | Reached skill level 1 in Invocations
  1068 | D:2      | Reached skill level 1 in Short Blades
  1068 | D:2      | Reached skill level 1 in Long Blades
  1068 | D:2      | Reached skill level 1 in Maces & Flails
  1068 | D:2      | Reached skill level 1 in Polearms
  1068 | D:2      | Reached skill level 1 in Staves
  1068 | D:2      | Reached skill level 1 in Ranged Weapons
  1068 | D:2      | Reached skill level 1 in Throwing
  1068 | D:2      | Reached skill level 1 in Stealth
  1068 | D:2      | Reached skill level 1 in Shields
  1068 | D:2      | Reached skill level 1 in Unarmed Combat
  1068 | D:2      | Reached skill level 1 in Spellcasting
  1068 | D:2      | Reached skill level 1 in Evocations
  1181 | D:2      | XOM: silly message
  1296 | D:3      | Found Imeyngorph's Antique Weapon Shop.
  1314 | D:3      | Reached XP level 4. HP: 41/41 MP: 5/5
  1411 | D:3      | XOM: divination: detect creatures
  1454 | D:3      | HP: 1/41 [frozen (4)]
  1455 | D:3      | Gained mutation: You are dopey. (Int -2) [potion of
                  | mutation]
  1455 | D:3      | Gained mutation: You occasionally lose the ability to drink
                  | potions when taking damage. [potion of mutation]
  1455 | D:3      | Gained mutation: Your flesh is heat resistant. (rF+)
                  | [potion of mutation]
  1455 | D:3      | Mangled by an orc

Illustrated notes

Levels and vault maps discovered:
D:1:      dpeg_arrival_lava_temple_mockup, layout_basic, minmay_ruptured
D:2:      layout_loops_cross, hellmonk_ecumenical_altar_crossroads
D:3:      layout_loops_ring, mainiacjoe_overflow_tiny_flanked, fedhas_altar_4,
          serial_shops, nicolae_shop_hallway_stairs, kennysheep_generic_room_12

Skill      XL: |  1  2  3 |
---------------+----------+-----
Invocations    | 1 |  1.2
Short Blades   | 1 |  1.1
Long Blades    | 1 |  1.1
Maces & Flails | 1 |  1.1
Polearms       | 1 |  1.1
Staves         | 1 |  1.1
Ranged Weapons | 1 |  1.1
Throwing       | 1 |  1.1
Stealth        | 1 |  1.1
Shields        | 1 |  1.1
Unarmed Combat | 1 |  1.1
Spellcasting   | 1 |  1.1
Evocations     | 1 |  1.1
Fighting       | |  6.6
Axes           | |  6.6
Armour         | |  4.6
Dodging        | |  2.7
Conjurations   | |  0.8
Hexes          | |  0.8
Summonings     | |  0.8
Necromancy     | |  0.8
Translocations | |  0.8
Transmutations | |  0.8
Fire Magic     | |  0.8
Ice Magic      | |  0.8
Air Magic      | |  0.8
Earth Magic    | |  0.8
Poison Magic   | |  0.8

Action                   |  1- 3 |  4- 6 || total
-------------------------+-------+-------++-------
Melee: Hand axe          |    87 |    17 ||   104
       Bite              |     4 |     1 ||     5
       Punch             |     2 |       ||     2
  Use: Potion            |       |     1 ||     1
 Stab: Sleeping          |     1 |       ||     1
Armor: Leather armour    |    24 |       ||    24
       Scale mail        |     8 |     9 ||    17
Dodge: Dodged            |    53 |    11 ||    64

Table legend: (Time is in decaauts)
 A = Elapsed time spent in this place.
 B = Non-inter-level travel time spent in this place.
 C = Inter-level travel time spent in this place.
 D = Time resting spent in this place.
 E = Time spent auto-exploring this place.
 F = Levels seen in this place.
 G = Mean time per level.
                   A        B        C        D        E       F      G
               +--------+--------+--------+--------+--------+-----+--------+
         Total |   1452 |   1410 |     42 |      0 |   1129 |   3 |  484.0 |
       Dungeon |   1452 |   1410 |     42 |      0 |   1129 |   3 |  484.0 |
               +--------+--------+--------+--------+--------+-----+--------+

Top non-repeatable levels by time:
     D:1: 681 daAuts
     D:2: 612 daAuts
     D:3: 158 daAuts
